 Dungeon Crawl Stone Soup version 0.28-a0-1616-g050a50673c (webtiles) character file.

Game seed: 12125878940754480832

19 anonymouscript the Vexing (level 2, -12/11 HPs)
             Began as a Felid Enchanter on Jan 22, 2022.
             Mangled by a small abomination (21 damage)
             ... created by the touch of Lugonu
             ... on level 2 of the Dungeon.
             The game lasted 00:04:44 (1968 turns).

anonymouscript the Vexing (Felid Enchanter)         Turns: 1968, Time: 00:04:45

Health: -12/11     AC:  1    Str:  4    XL:     2   Next: 55%
Magic:  6/6        EV: 17    Int: 16    God:
Gold:   73         SH:  0    Dex: 16    Spells: 5/5 levels left
                                        Lives:  0   Deaths: 0

rFire   . . .      SeeInvis +     - Unarmed
rCold   . . .      Faith    .   (shield unavailable)
rNeg    . . .      Spirit   .   (armour unavailable)
rPois   .          Reflect  +   (helmet unavailable)
rElec   .          Harm     .   (cloak unavailable)
rCorr   .          Rampage  .   (gloves unavailable)
Will    .....                   (boots unavailable)
Stlth   +.........              g - amulet of reflection
HPRegen 0.03/turn               (no ring)
MPRegen 0.10/turn               (no ring)

@: confused, quick
A: very small, claws 1, fangs 3, see invisible, speed 1, shaggy fur 1, stealthy
paws, no weapons or thrown items, no armour, multi-lived
a: no special abilities


You were on level 2 of the Dungeon.
You visited 1 branch of the dungeon, and saw 2 of its levels.

You collected 73 gold pieces.

Inventory:

Jewellery
 g - an amulet of reflection (around neck)
Scrolls
 b - a scroll of immolation {unknown}
 e - a scroll of identify {unknown}
 f - a scroll of enchant weapon {unknown}
 h - a scroll of vulnerability {unknown}
 i - a scroll of teleportation {unknown}
Potions
 a - a potion of invisibility
 c - a potion of berserk rage {unknown}
 d - a potion of ambrosia {unknown}
 j - a potion of attraction {unknown}


   Skills:
 + Level 3.0 Dodging
 * Level 4.6 Stealth
 + Level 1.1 Unarmed Combat
 + Level 2.0 Spellcasting
 + Level 4.9 Hexes


You had 5 spell levels left.
You didn't know any spells.
Your spell library contained the following spells:

 Spells                   Type           Power      Damage    Failure   Level
 Confusing Touch          Hex            17%        N/A       9%          3
 Tukima's Dance           Hex            17%        N/A       9%          3
 Ensorcelled Hibernation  Hex/Ice        18%        N/A       12%         2
 Dazzling Flash           Conj/Hex       18%        N/A       22%         3


Dungeon Overview and Level Annotations

Branches:
Dungeon (2/15)

Altars:
Lugonu


Innate Abilities, Weirdness & Mutations

You have sharp claws.
You have razor-sharp teeth.
You have supernaturally acute eyesight. (SInv)
You cover ground quickly. (Speed+)
You are covered in fur. (AC +1)
Your paws help you pounce on unaware monsters.
You are incapable of wielding weapons or throwing items.
You cannot wear armour.
You gain extra lives every three experience levels.


Message History

There is a stone staircase leading up here.
You now have 62 gold pieces (gained 10).
You now have 73 gold pieces (gained 11).
j - a glowing coppery potion A kobold comes into view.
It is wielding a +0 dagger.
The kobold shouts!
A rat comes into view.
You block the kobold's attack.
You closely miss the kobold. The kobold misses you.
You barely miss the kobold. The kobold misses you.
You closely miss the kobold. Your claw misses the kobold.
The kobold hits you with a +0 dagger.
You closely miss the kobold. You block the kobold's attack.
You closely miss the kobold. You block the kobold's attack.
You barely miss the kobold. You bite the kobold.
The kobold is moderately wounded.
You block the kobold's attack.
You closely miss the kobold. You bite the kobold.
You kill the kobold!
You scratch the rat but do no damage. You block the rat's attack.
You barely miss the rat. The rat misses you.
You closely miss the rat. The rat barely misses you.
You closely miss the rat. Your bite misses the rat. The rat bites you.
You scratch the rat.
You kill the rat!
Things that are here:
a +0 dagger; a kobold corpse Lugonu's wrath scatters you!
Lugonu sends minions to punish you. The divine experience confuses you!
You are confused.
A small abomination comes into view.
You're too confused to move!
You bump into the rock wall.
You're too confused to move!
You're too confused to move!
The small abomination barely misses you.
You scratch the small abomination.
The small abomination is lightly damaged.
The small abomination hits you!!
Ouch! That really hurt!
You die...

... ..# #.# #.#
#.# #.# #.# #.#
######.####)#
........##..#
#..#...##
#.####....#..##
#.....x@.###..#
#$####....#...#
#..#...#.#
#...#.##.#
#.#.#.##.#
#.####..<#.##.#
............##.#
##.#####..####.#
#..# #.#


You could see a small abomination.

Vanquished Creatures
  3 bats (D:1)
  2 endoplasms (D:1)
  A giant cockroach (D:1)
  3 jackals (D:1)
  A quokka (D:1)
  2 ball pythons (D:1)
  A kobold (D:2)
  5 rats
18 creatures vanquished.

Notes
Turn   | Place    | Note
-------+----------+-------------------------------------------
     0 | D:1      | anonymouscript the Felid Enchanter began the quest for the
                  | Orb.
     0 | D:1      | Reached XP level 1. HP: 7/7 MP: 4/4
    33 | D:1      | Found a faded altar of an unknown god.
    41 | D:1      | Prayed at the altar of an unknown god.
    41 | D:1      | Became a worshipper of Lugonu the Unformed
    41 | D:1      | Reached * piety under Lugonu
    41 | D:1      | Reached ** piety under Lugonu
    43 | D:1      | Fell from the grace of Lugonu
   670 | D:1      | Reached XP level 2. HP: 11/11 MP: 6/6
  1962 | D:2      | Noticed a small abomination
  1968 | D:2      | Mangled by a small abomination

Illustrated notes

Levels and vault maps discovered:
D:1:      dpeg_arrival_tiny_i, layout_loops_ring, basic_ecumenical_altar,
          chequers_serial_rivers_small_b, amethyst_killhole, minmay_heptomino_l4
D:2:      minmay_chambers_of_ones, layout_loops_ring, serial_shops,
          shop_fountains, hangedman_decor_clover_reticule, minivault_19,
          grunt_decor_clamped, grunt_decor_junction, uniq_robin

Skill      XL: |  1  2 |
---------------+-------+-----
Dodging        | 3 |  3.0
Stealth        | |  4.6
Unarmed Combat | |  1.1
Spellcasting   | |  2.0
Hexes          | |  4.9

Action                   || total
-------------------------++-------
Melee: Unarmed           ||    64
       Bite              ||     6
       Punch             ||     1
Invok: Renounce Religion ||     1
 Stab: Sleeping          ||     4
Armor: Skin              ||     8
Dodge: Dodged            ||    54
Block: Other             ||    17

Table legend: (Time is in decaauts)
 A = Elapsed time spent in this place.
 B = Non-inter-level travel time spent in this place.
 C = Inter-level travel time spent in this place.
 D = Time resting spent in this place.
 E = Time spent auto-exploring this place.
 F = Levels seen in this place.
 G = Mean time per level.
                   A        B        C        D        E       F      G
               +--------+--------+--------+--------+--------+-----+--------+
         Total |   1810 |   1786 |     24 |   1002 |    448 |   2 |  905.0 |
       Dungeon |   1810 |   1786 |     24 |   1002 |    448 |   2 |  905.0 |
               +--------+--------+--------+--------+--------+-----+--------+

Top non-repeatable levels by time:
     D:1: 1735 daAuts
     D:2: 74 daAuts
